 Dungeon Crawl Stone Soup version 0.28-b1-70-g80dc712255 (webtiles) character file.

Game seed: 7066486153204545800

2445 crazypyro the Cleaver (level 9, -6/64 HPs)
             Began as a Demonspawn Fighter on Feb 3, 2022.
             Was an Initiate of Okawaru.
             Mangled by Duvessa (12 damage)
             ... on level 7 of the Dungeon.
             The game lasted 00:07:28 (6492 turns).

crazypyro the Cleaver (Demonspawn Fighter)          Turns: 6492, Time: 00:07:28

Health: -6/64      AC: 21    Str: 26    XL:     9   Next: 25%
Magic:  9/9        EV: 13    Int:  9    God:    Okawaru [......]
Gold:   483        SH:  5    Dex: 20    Spells: 8/8 levels left

rFire   . . .      SeeInvis .   a - +1 war axe
rCold   + . .      Faith    .   c - +0 buckler
rNeg    . . .      Spirit   .   f - +2 ring mail {rC+}
rPois   .          Reflect  .   (helmet restricted)
rElec   .          Harm     .   (no cloak)
rCorr   .          Rampage  .   u - +2 pair of gloves
Will    .....                   i - +1 pair of boots
Stlth   +.........              (no amulet)
HPRegen 0.20/turn               j - +6 ring of dexterity
MPRegen 0.22/turn               r - +6 ring of strength

@: lethally poisoned (-6 -> -34), sanguine armoured, attractive
A: horns 1, powered by death 1, magic regeneration, sanguine armour 2
a: Renounce Religion


You were on level 7 of the Dungeon.
You worshipped Okawaru.
Okawaru was noncommittal.
You visited 1 branch of the dungeon, and saw 7 of its levels.

You collected 483 gold pieces.

Inventory:

Hand Weapons
 a - a +1 war axe (weapon)
 h - a +0 war axe
 s - the +2 hand axe of Checks and Balances {protect, rElec Str-5 Int-5 Dex+9}
   (You found it on level 6 of the Dungeon)

   It grants its wielder temporary protection when it strikes (+7 to AC).
   Str:       It affects your strength (-5).
   Int:       It affects your intelligence (-5).
   Dex:       It affects your dexterity (+9).
   rElec:     It insulates you from electricity.
Armour
 c - a +0 buckler (worn)
 f - a +2 ring mail of cold resistance (worn)
 i - a +1 pair of boots (worn)
 u - a +2 pair of gloves (worn)
Jewellery
 j - a +6 ring of dexterity (left hand)
 p - an amulet of faith
 r - a +6 ring of strength (right hand)
Scrolls
 e - 2 scrolls of teleportation
 g - a scroll of magic mapping
 l - 6 scrolls of identify
 o - a scroll of enchant weapon
Potions
 b - a potion of haste
 d - a potion of might
 k - a potion of attraction
 m - 2 potions of curing {unknown}
 q - a potion of resistance
 t - a potion of flight {unknown}


   Skills:
 - Level 3.2 Fighting
 * Level 10.3 Axes
 - Level 3.0 Armour
 - Level 4.5 Dodging
 - Level 3.0 Shields


You had 8 spell levels left.
You didn't know any spells.
Your spell library contained the following spells:

 Spells                   Type           Power      Damage    Failure   Level
 Foxfire                  Conj/Fire      0%         2x1d4     63%         1
 Blink                    Tloc           0%         N/A       77%         2
 Conjure Flame            Conj/Fire      0%         6-21      94%         3
 Gell's Gravitas          Tloc           0%         N/A       94%         3
 Inner Flame              Hex/Fire       0%         N/A       94%         3
 Lesser Beckoning         Tloc           0%         N/A       94%         3
 Teleport Other           Tloc           0%         N/A       94%         3
 Flame Wave               Conj/Fire      0%         2d4       100%        4
 Olgreb's Toxic Radiance  Pois           0%         N/A       100%        4
 Manifold Assault         Tloc           0%         N/A       100%        5
 Ozocubu's Refrigeration  Ice            0%         4d5       100%        7
 Ignition                 Fire           0%         3d3       100%        8


Dungeon Overview and Level Annotations

Branches:
Dungeon (7/15)
 Temple: D:4-7

Altars:
Dithmenos
Kikubaaqudgha
Okawaru
Qazlal
Yredelemnul
The Shining One

Annotations:
D:7 Dowan, Duvessa


Innate Abilities, Weirdness & Mutations

You have a pair of small horns on your head.
You regenerate a little health from kills.
You regenerate magic rapidly.
When seriously injured, your blood forms thick armour. (AC +9)


Message History

Duvessa hits you with a +5 short sword of venom!
You are more poisoned.
You slash Duvessa!
Duvessa is heavily wounded.
You feel very sick.
You barely miss Duvessa. You headbutt Duvessa, but do no damage.
Duvessa is heavily wounded.
Your blood congeals into armour.
You feel very sick.
Duvessa hits you with a +5 short sword of venom!
You are more poisoned.
You hit Duvessa but do no damage.
Duvessa is heavily wounded.
You feel extremely sick. Duvessa barely misses you.
You hit Duvessa.
Duvessa is heavily wounded.
You slash Dowan!
You feel very sick. You block Dowan's attack.
Duvessa hits you but does no damage.
You are lethally poisoned!
You slash Duvessa!
Duvessa is almost dead.
You slash Dowan!
* * * LOW HITPOINT WARNING * * *
You feel extremely sick.
Dowan gestures at Duvessa while chanting.
Duvessa seems to speed up.
Duvessa closely misses you.
It was a potion of attraction.
You feel attractive to monsters.
* * * LOW HITPOINT WARNING * * *
You feel very sick.
Duvessa gestures with her weapon.
Duvessa hits you with a +5 short sword of venom.
* * * LOW HITPOINT WARNING * * *
You are more poisoned.
Dowan gestures wildly while chanting.
Dowan blinks!
Duvessa hits you with a +5 short sword of venom!
You die...

........###..)####..###)
≈≈......##......# .#
≈≈≈≈....##.####.# #
≈≈≈≈≈...##.# #.#
≈≈≈≈≈...##.# #.# ≈≈..
#.# #.# ≈≈...##.# #.# #
≈...e..e####.#.#
#§@.......# #.##......+
#. #......# #. #.)....#
#? #......# #. #......#
#. #......# #. #......#
#......#


You could see Duvessa (fast, resistant) and Dowan.

Vanquished Creatures
  A sky beast (D:5)
  3 necrophages
  4 ogres
  A black bear (D:5)
  A centaur (D:5)
  A kobold brigand (D:7)
  A bullfrog (D:6)
  3 scorpions
  A water moccasin zombie (D:6)
  3 wights (D:5)
  A howler monkey (D:4)
  A bullfrog zombie (D:5)
  2 hounds
  2 centaur zombies
  An orc priest (D:7)
  A human zombie (D:5)
  A jelly (D:4)
  3 iguanas
  4 orc wizards
  A hound zombie (D:5)
  4 mummies (D:5)
  A hound skeleton (D:5)
  Robin (D:2)
  4 gnolls (D:5)
  2 howler monkey zombies (D:5)
  5 adders
  A white imp (D:5)
  3 ufetubi
  2 worms
  4 dart slugs
  10 orcs
  7 ball pythons
  7 bats
  10 endoplasms
  4 giant cockroaches
  9 hobgoblins
  6 jackals
  17 kobolds
  4 quokkas
  3 frilled lizards (D:2)
  14 goblins
  6 rats
160 creatures vanquished.

Notes
Turn   | Place    | Note
-------+----------+-------------------------------------------
     0 | D:1      | crazypyro the Demonspawn Fighter began the quest for the
                  | Orb.
     0 | D:1      | Reached XP level 1. HP: 18/18 MP: 1/1
   100 | D:1      | Reached skill level 2 in Axes
   123 | D:1      | Gained mutation: When seriously injured, your blood forms
                  | armour. (AC +9) [demonic ancestry]
   123 | D:1      | Reached XP level 2. HP: 13/24 MP: 2/2
   836 | D:1      | Gained mutation: When seriously injured, your blood forms
                  | thick armour. (AC +9) [demonic ancestry]
   836 | D:1      | Reached XP level 3. HP: 29/29 MP: 3/3
  1026 | D:1      | Found a faded altar of an unknown god.
  1402 | D:2      | Reached skill level 1 in Dodging
  1437 | D:2      | Gained mutation: You regenerate magic rapidly. [demonic
                  | ancestry]
  1437 | D:2      | Reached XP level 4. HP: 34/35 MP: 4/4
  1441 | D:2      | Noticed Robin
  1446 | D:2      | Reached skill level 3 in Axes
  1449 | D:2      | Killed Robin
  2282 | D:3      | You fall into a shaft and drop 2 floors!
  2282 | D:5      | Entered Level 5 of the Dungeon
  2288 | D:5      | Noticed a centaur
  2297 | D:5      | Killed a centaur
  2298 | D:5      | Reached skill level 4 in Axes
  2298 | D:5      | Reached XP level 5. HP: 19/41 MP: 5/5
  2581 | D:4      | Noticed a necrophage
  2596 | D:4      | Killed a necrophage
  2597 | D:4      | Gained mutation: You have a pair of small horns on your
                  | head. [demonic ancestry]
  2597 | D:4      | Reached XP level 6. HP: 35/47 MP: 6/6
  3482 | D:4      | Reached skill level 5 in Axes
  3943 | D:4      | Gained mutation: You regenerate a little health from kills.
                  | [demonic ancestry]
  3943 | D:4      | Reached XP level 7. HP: 42/52 MP: 7/7
  4420 | D:5      | Reached skill level 6 in Axes
  4853 | D:5      | Found a stormy altar of Qazlal.
  4913 | D:5      | Found an ancient bone altar of Kikubaaqudgha.
  5030 | D:5      | Reached XP level 8. HP: 54/58 MP: 8/8
  5072 | D:5      | Reached skill level 7 in Axes
  5283 | D:5      | Reached skill level 8 in Axes
  5286 | D:5      | Found a basalt altar of Yredelemnul.
  5752 | D:6      | Reached skill level 9 in Axes
  5788 | D:6      | Reached XP level 9. HP: 53/64 MP: 9/9
  6045 | D:6      | Found an iron altar of Okawaru.
  6050 | D:6      | Became a worshipper of Warmaster Okawaru
  6087 | D:6      | Reached skill level 10 in Axes
  6108 | D:6      | Found a shadowy altar of Dithmenos.
  6273 | D:6      | Identified the +2 hand axe of Checks and Balances {protect,
                  | rElec Str-5 Int-5 Dex+9}
  6480 | D:7      | Noticed Dowan
  6480 | D:7      | Noticed Duvessa
  6492 | D:7      | Mangled by Duvessa

Illustrated notes

Levels and vault maps discovered:
D:1:      nzn_arrival_crosshair, layout_loops_ring,
          hellmonk_ecumenical_altar_leap_of_faith, minivault_24,
          minmay_pentomino_r4
D:2:      layout_loops_corners, uniq_robin
D:3:      layout_loops_ring
D:4:      layout_basic, nrook_uturn, lemuel_another_geyser
D:5:      layout_basic, mainiacjoe_overflow_big_doors,
          lemuel_mausoleum_altar_yredelemnul, hangedman_decor_peaks_small
D:6:      layout_rooms, gammafunk_temple_overflow_statue,
          grunt_dithmenos_smoke_and_mirrors, wad_floor_pattern_1,
          hangedman_minor_gate_pass
D:7:      layout_basic, mainiacjoe_overflow_surrounded_room, temple_pool_b,
          uniq_duvessa

Skill      XL: |  1  2  3  4  5  6  7  8  9 |
---------------+----------------------------+-----
Axes           | 2 4 5 6 9 10 | 10.3
Shields        | 3 |  3.0
Armour         | 3 |  3.0
Dodging        | 1 2 3 4 |  4.5
Fighting       | |  3.2

Action                   |  1- 3 |  4- 6 |  7- 9 || total
-------------------------+-------+-------+-------++-------
Melee: War axe           |   130 |   138 |   226 ||   494
       Headbutt          |       |    11 |    50 ||    61
  Use: Scroll            |     1 |       |     7 ||     8
       Potion            |       |       |     1 ||     1
 Stab: Sleeping          |       |       |     2 ||     2
Armor: Scale mail        |    36 |       |       ||    36
       Ring mail         |    48 |    66 |    86 ||   200
Dodge: Dodged            |    74 |    91 |   135 ||   300
Block: Buckler           |    39 |    32 |    51 ||   122
